 Dungeon Crawl Stone Soup version 0.26-a0-651-gb41185065b (webtiles) character file.

Game seed: 17299061144134538958

13651 heikuro the Carver (level 12, -1/95 HPs)
             Began as a Formicid Fighter on Sept 28, 2020.
             Was an Initiate of Gozag.
             Slain by an orc knight
             ... wielding a +0 trident
              (10 damage)
             ... in a bailey.
             The game lasted 00:31:19 (16443 turns).

heikuro the Carver (Formicid Fighter)              Turns: 16443, Time: 00:31:20

Health: -1/95      AC: 16    Str: 31    XL:     12   Next: 35%
Magic:  12/12      EV:  8    Int:  9    God:    Gozag
Gold:   3061       SH: 12    Dex: 12    Spells: 11/11 levels left

rFire    + . .     SeeInvis +   a - +4 long sword (freeze)
rCold    . . .     Faith    .   c - +0 kite shield
rNeg     . . .     Spirit   .   L - +1 plate armour {rF+}
rPois    +         Reflect  .   (helmet unavailable)
rElec    .         Harm     .   (no cloak)
rCorr    .         Rampage  .   z - +0 pair of gloves (curse)
MR       +....     Clarity  +   (no boots)
Stlth    ..........             (no amulet)
HPRegen  0.25/turn              B - ring of Xeuwyrr {*Tele rPois Dex+2}
MPRegen  0.13/turn              A - +6 ring of strength

@: mighty, gold aura
A: permanent stasis, dig shafts and tunnels, four strong arms, antennae 3,
blurry vision 1, clarity
a: Dig, Shaft Self, Potion Petition, Call Merchant, Bribe Branch, Renounce
Religion


You were in a bailey.
You worshipped Gozag.
Gozag was most pleased with you.
You visited 2 branches of the dungeon, and saw 12 of its levels.
You also visited: Bailey.

You collected 3107 gold pieces.
You paid 46 gold pieces to Gozag.

Inventory:

Hand Weapons
 a - a +4 long sword of freezing (weapon)
 b - a +0 hunting sling
 j - a +0 rapier of distortion
 K - a +3 long sword of electrocution
Missiles
 q - 84 sling bullets
 F - a throwing net (quivered)
Armour
 c - a +0 kite shield (worn)
 z - a cursed +0 pair of gloves (worn)
 L - a +1 plate armour of fire resistance (worn)
Jewellery
 e - a +4 ring of protection
 f - an uncursed ring of stealth
 i - an uncursed ring of fire {unknown}
 m - an uncursed ring of ice
 w - an uncursed ring of protection from cold
 x - an uncursed ring of positive energy
 A - a +6 ring of strength (right hand)
 B - the ring of Xeuwyrr (left hand) {*Tele rPois Dex+2}
   (You found it on level 7 of the Dungeon)

   [ring of teleportation]

   It may teleport you next to monsters.
   It affects your dexterity (+2).
   It protects you from poison.
 D - an uncursed ring of wizardry
Wands
 p - a wand of flame (65)
 C - a wand of enslavement (3)
 E - a wand of random effects (26)
 J - a wand of polymorph (3)
Scrolls
 l - a scroll of amnesia
 s - 8 scrolls of remove curse
 u - 2 scrolls of fog
Potions
 d - 2 potions of might
 g - 2 potions of flight
 h - 3 potions of invisibility
 k - 3 potions of resistance
 o - 5 potions of curing
 r - 4 potions of brilliance
 t - 6 potions of heal wounds
 v - 2 potions of mutation
 H - a potion of lignification
 I - a potion of stabbing
Miscellaneous
 M - a box of beasts (inert)


   Skills:
 + Level 9.0 Fighting
 * Level 10.7 Long Blades
 + Level 7.6 Slings
 + Level 8.9 Armour
 - Level 9.0 Shields
 + Level 7.6 Evocations


You had 11 spell levels left.
You didn't know any spells.
Your spell library contained the following spells:

 Spells                   Type           Power        Failure   Level
 Magic Dart               Conj           #...         96%         1
 Call Imp                 Summ           #.......     99%         2
 Slow                     Hex            #.......     99%         2
 Conjure Flame            Conj/Fire      #.......     100%        3
 Mephitic Cloud           Conj/Pois/Air  #.......     100%        3
 Blink                    Tloc           Unusable     N/A         2

Dungeon Overview and Level Annotations

Branches:
Dungeon (11/15)            Temple (1/1) D:5            Lair (0/6) D:10
 Bailey (1/1)
    Orc: D:9-12

Altars:
Ashenzari
Cheibriados
Dithmenos
Elyvilon
Fedhas
Gozag
Hepliaklqana
Kikubaaqudgha
Makhleb
Nemelex Xobeh
Okawaru
Qazlal
Ru
Sif Muna
Trog
Uskayaw
Vehumet
Wu Jian
Xom
Yredelemnul
Zin
The Shining One

Shops:
D:5 (


Innate Abilities, Weirdness & Mutations

You cannot be hasted, slowed, berserked, paralysed or teleported.
You can dig through walls and to a lower floor.
Your four strong arms can wield two-handed weapons with a shield.
You have a pair of large antennae on your head. (SInv)
Scrolls take you a little longer to read.
You possess an exceptional clarity of mind.


Message History

The orc knight hits you with a +0 halberd!
* * * LOW HITPOINT WARNING * * *
You hit the orc knight but do no damage.
The orc knight is almost dead.
You block the orc knight's attack.
You slice the orc knight!! You freeze the orc knight.
You kill the orc knight!
Your Fighting skill increases to level 9!
The orc knight hits you but does no damage.
You slash the orc knight! You freeze the orc knight.
The orc knight is lightly wounded.
You closely miss the orc knight.
The orc knight is lightly wounded.
The orc knight hits you with a +0 trident!
* * * LOW HITPOINT WARNING * * *
You barely miss the orc knight.
The orc knight is lightly wounded.
The orc knight hits you with a +0 trident!
You die...
Your body crumbles into a pile of gold.

###### ####### #######
...).#########.....## ##......
......#.....#.......######.......
......)..)).'..o....#...)#)......
......')....)).$@...)...)).......
......))....'.......#...)#......)
......#.....#...)...######.......
.....#########.....## ##......
###### ####### #######


You could see an orc knight.

Vanquished Creatures
  Fannar (D:11)
  A two-headed ogre (D:8)
  An orc knight (Bailey)
  A deep elf mage (D:11)
  Psyche (D:10)
  A hippogriff (D:7)
  8 yaks
  A vampire (D:11)
  A steam dragon (D:8)
  A water moccasin (D:9)
  18 orc warriors
  3 black bears
  4 sky beasts
  An ice beast (D:7)
  A necrophage (D:8)
  2 phantoms (D:9)
  5 ogres
  2 centaurs (D:9)
  2 crocodiles (D:10)
  A big kobold (D:9)
  9 bullfrogs
  2 wyvern zombies
  2 water moccasin skeletons
  2 wyvern skeletons
  A scorpion (D:4)
  17 killer bees
  6 howler monkeys
  26 wights
  2 bullfrog zombies
  15 orc wizards
  A gnoll shaman (D:8)
  7 hounds
  2 jellies
  10 orc priests
  2 bullfrog skeletons
  Jessica (D:3)
  2 iguanas
  Natasha (thrice) (D:2)
  13 worker ants
  A hound zombie (D:9)
  A hound skeleton (D:4)
  2 howler monkey zombies
  2 worker ant zombies
  8 gnolls
  A howler monkey skeleton (D:8)
  7 adders
  A shadow imp (D:10)
  4 white imps
  2 ufetubi
  An ooze (D:1)
  2 adder zombies
  An adder skeleton (D:7)
  3 worms
  2 dart slugs
  6 leopard geckos
  74 orcs
  2 giant cockroaches
  7 goblins
  4 hobgoblins
  10 jackals
  15 kobolds
  5 quokkas
  5 bats
  13 frilled lizards
  A leopard gecko zombie (D:8)
  9 rats
368 creatures vanquished.

Vanquished Creatures (collateral kills)
  An orc knight (Bailey)
  2 orc warriors (Bailey)
  3 orcs (Bailey)
6 creatures vanquished.

Vanquished Creatures (others)
  6 fungi (D:10)
  6 plants (D:10)
12 creatures vanquished.

Grand Total: 386 creatures vanquished

Notes
Turn   | Place    | Note
-------+----------+-------------------------------------------
     0 | D:1      | heikuro the Formicid Fighter began the quest for the Orb.
     0 | D:1      | Reached XP level 1. HP: 18/18 MP: 1/1
    61 | D:1      | Reached XP level 2. HP: 21/24 MP: 2/2
   344 | D:1      | Reached XP level 3. HP: 29/29 MP: 3/3
  1141 | D:2      | Noticed Natasha
  1156 | D:2      | Killed Natasha
  1156 | D:2      | Reached skill level 3 in Long Blades
  1156 | D:2      | Reached XP level 4. HP: 20/37 MP: 4/4
  1544 | D:2      | Noticed Natasha
  1554 | D:2      | Killed Natasha
  1554 | D:2      | Reached XP level 5. HP: 34/42 MP: 5/5
  1733 | D:2      | Noticed Natasha
  1739 | D:2      | Killed Natasha
  1855 | D:2      | Found a radiant altar of Vehumet.
  2536 | D:3      | Reached XP level 6. HP: 47/48 MP: 6/6
  2676 | D:3      | Noticed Jessica
  2687 | D:3      | Killed Jessica
  2687 | D:3      | Reached skill level 4 in Long Blades
  2831 | D:3      | Found an opulent altar of Gozag.
  2843 | D:3      | Became a worshipper of Gozag Ym Sagoz the Greedy
  3354 | D:4      | Reached skill level 1 in Slings
  3585 | D:4      | Found a white marble altar of Elyvilon.
  3688 | D:4      | Reached XP level 7. HP: 39/55 MP: 7/7
  3801 | D:4      | Reached skill level 5 in Shields
  3801 | D:4      | Reached skill level 1 in Evocations
  4366 | D:4      | Gained mutation: Scrolls take you a little longer to read.
                  | [mutagenic glow]
  4375 | D:4      | Gained mutation: You possess an exceptional clarity of
                  | mind. [mutagenic glow]
  4430 | D:4      | Reached skill level 5 in Long Blades
  4751 | D:5      | Entered Level 5 of the Dungeon
  4858 | D:5      | Found a blossoming altar of Fedhas.
  4858 | D:5      | Found an ancient bone altar of Kikubaaqudgha.
  4954 | D:5      | Reached XP level 8. HP: 61/61 MP: 8/8
  5024 | D:5      | Reached skill level 5 in Fighting
  5024 | D:5      | Reached skill level 5 in Armour
  5271 | D:5      | Found a sacrificial altar of Ru.
  5404 | D:5      | Found Ruudoudgh's Antique Weapon Boutique.
  5412 | D:5      | Noticed a two-headed ogre
  5911 | D:5      | Banished a two-headed ogre
  5911 | D:5      | Reached skill level 6 in Long Blades
  5911 | D:5      | Reached XP level 9. HP: 47/69 MP: 9/9
  6024 | D:5      | Found a staircase to the Ecumenical Temple.
  6034 | Temple   | Entered the Ecumenical Temple
  7715 | D:6      | Reached skill level 7 in Long Blades
  8028 | D:7      | Got a twitching glass ring
  8113 | D:7      | Found a sacrificial altar of Ru.
  8116 | D:7      | Found a burning altar of Makhleb.
  8118 | D:7      | Found a hide-covered altar of Uskayaw.
  8120 | D:7      | Found a hazy altar of Hepliaklqana.
  8120 | D:7      | Found a glowing silver altar of Zin.
  8165 | D:7      | Noticed a hippogriff
  8174 | D:7      | Killed a hippogriff
  8293 | D:7      | Reached XP level 10. HP: 68/77 MP: 10/10
  8624 | D:7      | You fall into a shaft and drop 2 floors!
  8634 | D:9      | Reached skill level 5 in Slings
  8653 | D:9      | Reached skill level 5 in Evocations
  8836 | D:9      | Reached skill level 8 in Long Blades
 10441 | D:8      | Reached XP level 11. HP: 71/84 MP: 11/11
 10843 | D:8      | Noticed a two-headed ogre
 10858 | D:8      | Killed a two-headed ogre
 10858 | D:8      | Reached skill level 9 in Long Blades
 11028 | D:8      | Identified the ring of Xeuwyrr {*Tele rPois Dex+2} (You
                  | found it on level 7 of the Dungeon)
 13180 | D:10     | Entered Level 10 of the Dungeon
 13670 | D:10     | Noticed Psyche
 13813 | D:10     | Killed Psyche
 14398 | D:10     | Reached skill level 10 in Long Blades
 14977 | D:10     | Found a staircase to the Lair.
 15353 | D:11     | Noticed Fannar
 15367 | D:11     | Killed Fannar
 15367 | D:11     | Reached XP level 12. HP: 64/94 MP: 12/12
 15415 | D:11     | Found a flagged portal.
 15435 | Bailey   | Entered a bailey
 16405 | Bailey   | HP: 4/94 [orc knight/+0 halberd (14)]
 16443 | Bailey   | Slain by an orc knight

Illustrated notes

Levels and vault maps discovered:
D:1:      dpeg_arrival_shrine, layout_loops_cross, kennysheep_nondescript
D:2:      layout_basic, lemuel_crystal_altar, minmay_lizard_pond, uniq_natasha
D:3:      layout_loops_ring, nicolae_gozag_seed_capital, uniq_jessica
D:4:      layout_basic, marbit_many_paths
D:5:      layout_basic, grunt_temple_overflow_growth_and_decay,
          temple_fountains, basic_altar, serial_shops, shop
D:6:      layout_loops_corners
D:7:      layout_loops_ring, nicolae_overflow_hidden_temple,
          hangedman_minor_gate_pass
D:8:      layout_cave_pods
D:9:      layout_cave_pools, minivault_27, grunt_ministairs_4, st_stairs_14,
          kennysheep_kite_vault
D:10:     layout_loops_corners, grunt_lair_entry_orc_guard_hut, uniq_psyche
D:11:     layout_small_grid, orc_0_dummy, enter_bailey_2, uniq_fannar
Temple:   minmay_temple_bridge_abc
Bailey:   bailey_polearm_5, bailey

Skill      XL: |  1  2  3  4  5  6  7  8  9 10 11 12 |
---------------+-------------------------------------+-----
Shields        | 4 5 6 7 8 9 |  9.0
Long Blades    | 3 4 5 6 7 8 10 | 10.7
Fighting       | 4 5 6 7 8 9 |  9.0
Armour         | 4 5 6 7 8 |  8.9
Slings         | 1 2 3 4 5 7 |  7.6
Evocations     | 1 3 4 5 7 |  7.6

Action                   |  1- 3 |  4- 6 |  7- 9 | 10-12 || total
-------------------------+-------+-------+-------+-------++-------
Melee: Long sword        |   106 |   195 |   277 |   674 ||  1252
       Rapier            |       |       |    13 |       ||    13
       Unarmed           |       |       |       |     4 ||     4
 Fire: Hunting sling     |       |     5 |    85 |    31 ||   121
Throw: Throwing net      |       |       |       |     1 ||     1
 Abil: Dig               |       |       |     2 |     3 ||     5
Evoke: Wand              |       |       |     2 |       ||     2
       Box of beasts     |       |       |       |     3 ||     3
  Use: Scroll            |       |     4 |     4 |    11 ||    19
       Potion            |       |       |       |     4 ||     4
 Stab: Distracted        |       |       |     1 |     8 ||     9
       Invisible         |       |       |       |     2 ||     2
Armor: Scale mail        |    45 |    55 |    86 |    91 ||   277
       Chain mail        |       |       |       |    46 ||    46
       Plate armour      |       |       |       |    79 ||    79
Dodge: Dodged            |    32 |    56 |    88 |   180 ||   356
Block: Kite shield       |    48 |   103 |   158 |   421 ||   730
       Rpst.: Long sword |     8 |    21 |    26 |    43 ||    98

Table legend: (Time is in decaauts)
 A = Elapsed time spent in this place.
 B = Non-inter-level travel time spent in this place.
 C = Inter-level travel time spent in this place.
 D = Time resting spent in this place.
 E = Time spent auto-exploring this place.
 F = Levels seen in this place.
 G = Mean time per level.
                   A        B        C        D        E       F      G
               +--------+--------+--------+--------+--------+-----+--------+
         Total |  16519 |  15952 |    567 |   5901 |   6229 |  13 | 1270.7 |
       Dungeon |  15337 |  14793 |    544 |   5295 |   6023 |  11 | 1394.3 |
        Temple |    194 |    171 |     23 |      0 |    171 |   1 |  194.0 |
        Bailey |    988 |    988 |      0 |    606 |     35 |   1 |  988.0 |
               +--------+--------+--------+--------+--------+-----+--------+

Top non-repeatable levels by time:
     D:9: 2231 daAuts
     D:8: 2052 daAuts
     D:4: 1748 daAuts
    D:10: 1700 daAuts
     D:6: 1528 daAuts
     D:2: 1336 daAuts
     D:7: 1329 daAuts
     D:5: 1210 daAuts
     D:3: 1109 daAuts
  Bailey: 988 daAuts
     D:1: 941 daAuts
  Temple: 194 daAuts
    D:11: 147 daAuts
